Map: Fortezza segreta

Players

Novo

  • Race: Zerg Zerg
  • Spawn Location: 12:00

Atomic

  • Race: Zerg Zerg
  • Spawn Location: 12:00

SCHWARZ

  • Race: Terran Terran
  • Spawn Location: 9:00

Prometheus

  • Race: Protoss Protoss
  • Spawn Location: 3:00

nŕŧĦfscħ

  • Race: Terran Terran
  • Spawn Location: 6:00

Zerrus

  • Race: Zerg Zerg
  • League: Gold
  • Spawn Location: 7:00

BoBo

  • Race: Terran Terran
  • League: Gold
  • Spawn Location: 5:00

Jhyrachy

  • Race: Zerg Zerg
  • League: Silver
  • Spawn Location: 6:00

VOD

Have the link to the VOD?

Description

Time

  • Played on: March 26, 2016, 4:51 p.m.
  • Length: 12:53
Show
View Real Time Build Order
Export as new Build Order

Novo Zerg 

Build Orders: Pool First 

Get SALT Encoding   

  12  0:01  Drone  
  13  0:12  Overlord  
  13  0:18  Drone  
  14  0:31  Drone x2  
  14  0:35  Drone  
  17  0:47  Drone  
  18  0:55  Extractor  
  17  0:58  Spawning Pool  
  17  0:59  Drone  
  17  1:08  Drone  
  18  1:23  Hatchery  
  18  1:25  Drone  
  18  1:39  Drone  
  20  1:40  Drone  
  20  1:46  Queen  
  22  1:51  Overlord  
  22  2:04  Metabolic Boost  
  22  2:05  Extractor  
  22  2:07  Drone  
  22  2:16  Drone  
  23  2:24  Drone  
  24  2:34  Drone  
  24  2:35  Queen  
  24  2:36  Drone  
  28  2:55  Overlord  
  28  3:03  Hatchery  
  28  3:05  Zergling x6  
  29  3:08  Zergling x2  
  29  3:10  Drone  
  32  3:48  Lair  
  32  3:49  Evolution Chamber x2  
  30  3:56  Drone x8  
  38  4:06  Extractor  
  38  4:07  Extractor  
  36  4:14  Overlord x2  
  36  4:23  Queen  
  38  4:28  Drone x2  
  40  4:58  Spire  
  40  4:59  Zerg Melee Weapons Level 1  
  39  5:00  Zerg Ground Armor Level 1  
  39  5:06  Drone  
  41  5:07  Drone x6  
  45  5:34  Zergling x2  
  45  5:35  Zergling x10  
  49  5:44  Drone  
  49  5:45  Drone x12  
  60  6:11  Overlord x2  
  60  6:12  Drone  
  61  6:27  Overlord  
  61  6:28  Overlord x2  
  61  6:29  Extractor  
  61  6:30  Zergling x6  
  61  6:31  Drone x3, Extractor  
  61  6:32  Drone  
  66  6:33  Mutalisk x3  
  72  6:40  Zerg Flyer Weapons Level 1  
  72  6:54  Infestation Pit  
  72  6:56  Zerg Ground Armor Level 2, Zerg Melee Weapons Level 2  
  71  7:35  Hive  
  57  8:14  Zergling x2  
  57  8:15  Zergling x48  
  57  8:16  Zergling x20  
  57  8:18  Mutalisk x3  
  98  8:29  Zergling x4  
  100  8:34  Zerg Flyer Armor Level 1  
  99  9:05  Mutalisk  
  99  9:06  Mutalisk x3  
  99  9:08  Overlord x4  
  99  9:09  Overlord  
  98  9:24  Mutalisk  
  98  9:25  Mutalisk x3  
  98  9:27  Overlord x4  
  98  9:28  Mutalisk x5  
  116  9:35  Zerg Melee Weapons Level 3  
  116  9:36  Zerg Ground Armor Level 3  
  116  9:45  Ultralisk Cavern  
  115  10:28  Zerg Flyer Weapons Level 2  
  115  10:29  Mutalisk x8  
  115  10:31  Zergling x22  
  142  10:57  Chitinous Plating  
  142  11:03  Overlord  
  142  11:04  Overlord x5  
  142  11:14  Baneling Nest  
  142  11:18  Overlord x5  
  141  12:00  Ultralisk x2  
  141  12:01  Ultralisk  
  159  12:02  Ultralisk  
  159  12:08  Baneling x7  
  165  12:09  Baneling  
  165  12:10  Baneling  
  165  12:11  Baneling x2  
  165  12:13  Baneling x2  
  165  12:15  Baneling x2  
Show
View Real Time Build Order
Export as new Build Order

Atomic Zerg 

Build Orders: Pool First 

Get SALT Encoding   

  12  0:02  Drone  
  13  0:12  Drone  
  14  0:18  Overlord  
  14  0:37  Spawning Pool  
  14  0:38  Drone  
  14  0:51  Extractor, Drone x2  
  14  0:55  Drone  
  16  1:35  Drone  
  16  1:36  Extractor  
  16  1:39  Drone  
  17  1:40  Drone  
  18  1:47  Drone  
  18  1:48  Roach Warren, Queen  
  20  2:07  Hatchery  
  19  2:16  Drone x2  
  21  2:29  Drone  
  22  2:32  Lair  
  22  2:38  Overlord  
  22  2:48  Overlord  
  22  2:59  Drone  
  22  3:00  Spore Crawler  
  22  3:06  Roach  
  22  3:07  Roach  
  26  3:15  Drone x2  
  28  3:24  Drone  
  29  3:32  Drone x2  
  29  3:33  Roach  
  33  3:35  Ravager  
  33  3:36  Ravager  
  35  3:46  Queen  
  37  3:49  Drone  
  37  3:51  Drone  
  39  3:57  Ravager  
  39  4:00  Roach  
  42  4:07  Glial Reconstitution  
  42  4:11  Drone x2  
  44  4:19  Overlord  
  44  4:21  Overlord  
  44  4:30  Overseer  
  44  4:32  Pneumatized Carapace  
  44  4:36  Overlord  
  44  4:41  Drone x4  
  48  5:01  Roach  
  48  5:02  Roach x4  
  48  5:03  Drone x2  
  60  5:12  Evolution Chamber  
  60  5:13  Evolution Chamber  
  58  5:20  Drone x2  
  58  5:21  Drone x3  
  63  5:45  Overlord x3  
  63  5:46  Drone x5  
  63  5:49  Zerg Missile Weapons Level 1  
  68  5:51  Zerg Ground Armor Level 1  
  68  6:04  Extractor  
  67  6:06  Extractor  
  67  6:10  Hatchery  
  65  6:15  Ravager x2  
  65  6:17  Overlord x2  
  67  6:22  Tunneling Claws  
  67  6:24  Burrow  
  67  6:36  Infestation Pit  
  67  6:38  Queen  
  68  6:42  Roach x2  
  68  6:43  Roach x2  
  68  6:44  Drone  
  68  6:45  Drone x2  
  79  6:54  Overseer  
  79  6:57  Overseer  
  71  7:23  Roach x5  
  64  7:46  Roach x5  
  64  7:51  Roach  
  64  7:52  Roach x9  
  64  7:53  Roach x2  
  88  8:10  Roach x3  
  94  8:13  Roach x3  
  82  8:42  Roach x17  
  76  9:17  Drone x2  
  76  9:18  Drone  
  76  9:21  Hive  
  79  9:25  Hydralisk Den  
  79  9:28  Zerg Missile Weapons Level 2, Zerg Ground Armor Level 2  
  79  9:31  Roach x14  
  78  9:53  Hatchery  
  77  10:04  Roach x9  
  57  10:39  Hydralisk x3  
  57  10:40  Hydralisk x8  
  57  10:41  Hydralisk  
  73  10:47  Muscular Augments  
  73  10:58  Hydralisk x4  
  81  11:08  Hydralisk x2  
  81  11:09  Hydralisk x5  
  81  11:11  Extractor x2  
  93  11:22  Ultralisk Cavern  
  92  11:28  Roach x2  
  92  11:30  Overlord x2  
  92  11:31  Overlord x3  
  96  11:39  Overlord x4  
  96  11:48  Queen  
  96  11:49  Drone x2  
  96  11:50  Drone  
  96  11:52  Drone x3  
  104  12:07  Overseer x2  
  104  12:09  Overseer x2  
  104  12:15  Roach x2  
Show
View Real Time Build Order
Export as new Build Order

SCHWARZ Terran 

Build Orders: MMM Bio 

Get SALT Encoding   

  12  0:01  SCV  
  13  0:13  SCV  
  14  0:19  Supply Depot  
  14  0:25  SCV  
  15  0:40  SCV  
  16  0:42  Barracks  
  16  0:52  SCV  
  17  1:04  SCV  
  18  1:17  SCV  
  19  1:21  Command Center  
  19  1:29  Orbital Command  
  19  1:36  Supply Depot  
  19  1:39  Marine  
  20  1:45  Refinery  
  20  1:59  Marine  
  20  2:00  Barracks  
  21  2:08  SCV  
  21  2:14  Refinery  
  22  2:19  Engineering Bay  
  22  2:20  SCV  
  23  2:27  Marine  
  24  2:34  Orbital Command  
  24  2:45  Marine  
  24  2:48  Marine  
  24  2:50  Barracks  
  26  2:53  Terran Infantry Weapons Level 1  
  26  2:55  SCV  
  27  3:03  Engineering Bay  
  27  3:08  Marine x2  
  28  3:23  Factory  
  28  3:25  Marine  
  29  3:31  SCV  
  30  3:34  SCV  
  30  3:39  Supply Depot  
  30  3:42  Marine  
  30  3:43  Marine  
  32  3:54  Supply Depot  
  32  3:55  Barracks Tech Lab  
  32  3:59  Marine  
  33  4:06  SCV x2  
  35  4:12  Factory  
  35  4:13  Factory Tech Lab  
  35  4:18  Starport, SCV  
  35  4:20  SCV  
  35  4:24  Refinery  
  37  4:25  Marine x2  
  37  4:28  Stimpack  
  37  4:29  Marine  
  37  4:30  SCV  
  41  4:32  SCV  
  41  4:33  Terran Infantry Armor Level 1  
  42  4:42  Marine  
  42  4:43  Marine  
  43  4:47  Marauder  
  43  5:01  Marine  
  43  5:02  Marine  
  45  5:08  Factory Reactor  
  45  5:09  Marauder  
  47  5:19  Marine x2, Starport Reactor  
  47  5:20  Refinery  
  49  5:30  Marauder  
  49  5:31  Siege Tank  
  54  5:37  Marine x2  
  54  5:41  SCV  
  54  5:42  SCV  
  58  5:50  Armory  
  58  5:51  Widow Mine  
  58  5:52  Marauder  
  62  6:03  Supply Depot  
  62  6:09  Supply Depot  
  62  6:14  Widow Mine, Marine x3  
  67  6:20  Supply Depot  
  67  6:21  Supply Depot  
  67  6:32  Marauder, Marine x2  
  71  6:34  Supply Depot  
  71  6:46  Command Center, SCV x2  
  73  6:50  Marine x2  
  73  6:54  Marauder  
  77  6:57  Medivac  
  77  6:58  SCV  
  77  6:59  SCV  
  81  7:07  Marine  
  48  8:38  Marine x2  
  48  8:39  Marauder  
  46  8:45  SCV x3  
  49  8:56  Siege Tank, Widow Mine x2, Marine x2  
  49  8:57  SCV  
  49  9:00  Marauder  
  49  9:02  Command Center  
  61  9:07  Combat Shields  
  61  9:11  Orbital Command  
  61  9:12  Terran Infantry Weapons Level 2  
  61  9:13  Terran Infantry Armor Level 2, Marine  
  61  9:14  Marine  
  63  9:17  Supply Depot  
  63  9:20  Supply Depot  
  63  9:21  Marauder  
  65  9:25  Supply Depot  
  65  9:30  Supply Depot  
  65  9:31  Missile Turret, Marine  
  65  9:32  Marine  
  65  9:36  Missile Turret  
  67  9:41  Missile Turret  
  67  9:43  Marauder  
  69  9:49  Marine x2  
  69  9:50  Supply Depot  
  69  9:52  Widow Mine  
  71  9:53  Siege Tank, Widow Mine, Supply Depot  
  71  9:54  Supply Depot  
  71  9:59  Missile Turret  
  75  10:02  Missile Turret  
  75  10:04  Marine  
  72  10:07  Marine x2  
  72  10:16  Missile Turret  
  72  10:17  Missile Turret  
  72  10:22  Marauder  
  72  10:25  Siege Tank  
  72  10:26  Missile Turret  
  77  10:32  Planetary Fortress  
  77  10:37  Marine x2  
  77  10:38  Missile Turret  
  77  10:39  Widow Mine x2  
  83  10:43  Marauder  
  85  11:03  Marine x2  
  80  11:04  Orbital Command  
  80  11:05  Marauder  
  80  11:07  Orbital Command  
  75  11:21  Marine x2  
  75  11:26  Marauder  
  77  11:46  Marine x2  
  79  11:47  Widow Mine x2  
  79  11:48  Marauder  
  84  12:04  Marine x2  
  86  12:10  Orbital Command  
  86  12:15  Widow Mine  
  86  12:16  Widow Mine  
  86  12:20  Marine  
  86  12:21  Marine  
  86  12:22  Marine  
  98  12:39  SCV x2  
Show
View Real Time Build Order
Export as new Build Order

Prometheus Protoss 

Build Orders:  

Get SALT Encoding   

  12  0:02  Probe (Chrono Boost)  
  13  0:12  Probe (Chrono Boost)  
  14  0:23  Probe (Chrono Boost)  
  14  0:25  Pylon  
  15  0:44  Probe (Chrono Boost)  
  16  0:53  Gateway  
  16  0:54  Probe (Chrono Boost)  
  17  0:57  Forge  
  17  1:05  Probe (Chrono Boost)  
  18  1:11  Pylon  
  18  1:15  Probe (Chrono Boost)  
  19  1:26  Probe (Chrono Boost)  
  20  1:36  Probe (Chrono Boost)  
  20  1:37  Assimilator  
  21  1:53  Probe (Chrono Boost)  
  22  1:56  Nexus  
  22  2:02  Cybernetics Core  
  22  2:08  Photon Cannon  
  22  2:16  Pylon  
  22  2:19  Assimilator  
  22  2:21  Probe (Chrono Boost)  
  23  2:31  Probe (Chrono Boost)  
  24  2:42  Probe (Chrono Boost)  
  25  2:53  Probe (Chrono Boost)  
  26  3:00  Stargate  
  26  3:03  Probe (Chrono Boost)  
  27  3:08  Probe (Chrono Boost)  
  27  3:09  Assimilator  
  27  3:12  Assimilator  
  28  3:14  Probe (Chrono Boost)  
  28  3:16  Pylon  
  28  3:19  Probe (Chrono Boost)  
  30  3:24  Probe (Chrono Boost)  
  31  3:29  Probe (Chrono Boost)  
  31  3:30  Stargate, Pylon  
  32  3:40  Probe (Chrono Boost)  
  33  3:43  Probe (Chrono Boost)  
  34  3:49  Probe (Chrono Boost), Void Ray (Chrono Boost)  
  34  3:53  Probe  
  40  3:59  Probe  
  41  4:11  Probe  
  41  4:13  Void Ray (Chrono Boost)  
  46  4:19  Pylon  
  46  4:26  Mothership Core  
  46  4:27  Void Ray (Chrono Boost)  
  46  4:29  Probe  
  53  4:41  Probe  
  54  4:52  Void Ray (Chrono Boost)  
  58  4:57  Pylon  
  58  4:59  Pylon  
  58  5:03  Cybernetics Core  
  58  5:04  Void Ray (Chrono Boost)  
  62  5:13  Nexus  
  62  5:17  Assimilator  
  62  5:22  Assimilator  
  62  5:29  Void Ray (Chrono Boost)  
  57  6:08  Void Ray x2 (Chrono Boost)  
  65  6:14  Stargate  
  65  6:26  Probe  
  65  6:32  Probe  
  67  6:33  Probe  
  67  6:38  Probe  
  69  6:43  Probe  
  69  6:44  Probe  
  69  6:46  Void Ray x2 (Chrono Boost)  
  79  6:51  Probe  
  80  6:54  Probe  
  80  6:56  Probe  
  82  7:03  Probe  
  82  7:05  Probe  
  84  7:08  Probe  
  84  7:15  Probe  
  82  7:20  Probe  
  82  7:21  Phoenix (Chrono Boost)  
  82  7:22  Phoenix x2 (Chrono Boost)  
  89  7:23  Fleet Beacon  
  89  7:42  Phoenix (Chrono Boost)  
  91  7:44  Phoenix x2 (Chrono Boost)  
  95  8:04  Phoenix (Chrono Boost)  
  97  8:06  Phoenix x2 (Chrono Boost)  
  101  8:19  Anion Pulse-Crystals  
  99  8:27  Carrier (Chrono Boost)  
  99  8:31  Carrier (Chrono Boost)  
  81  9:02  Carrier (Chrono Boost)  
  83  9:16  Pylon  
  83  9:18  Pylon  
  83  9:21  Pylon  
  83  9:23  Graviton Catapult  
  83  9:41  Carrier (Chrono Boost)  
  83  9:42  Robotics Facility  
  83  9:45  Carrier (Chrono Boost)  
  95  10:00  Photon Cannon  
  95  10:01  Photon Cannon  
  95  10:03  Photon Cannon  
  95  10:06  Photon Cannon  
  95  10:16  Carrier (Chrono Boost)  
  101  10:56  Carrier (Chrono Boost)  
  105  11:00  Carrier (Chrono Boost)  
  109  11:22  Stargate  
  109  11:25  Pylon  
  109  11:27  Pylon  
  109  11:29  Pylon  
  109  11:31  Carrier (Chrono Boost)  
  109  11:32  Pylon  
  115  11:34  Pylon  
  115  11:37  Pylon  
  115  11:39  Pylon  
  121  12:07  Observer  
Show
View Real Time Build Order
Export as new Build Order

nŕŧĦfscħ Terran 

Build Orders: Bio Mine 

Get SALT Encoding   

  12  0:02  SCV  
  13  0:14  SCV  
  14  0:26  SCV  
  15  0:29  Supply Depot  
  15  0:41  Refinery  
  15  0:43  Refinery  
  15  0:51  SCV  
  15  0:56  Barracks  
  16  1:03  SCV  
  17  1:18  SCV  
  17  1:19  Barracks  
  18  1:33  SCV  
  19  1:45  SCV  
  20  1:57  SCV  
  22  2:05  Factory  
  22  2:07  Barracks Tech Lab  
  21  2:10  Orbital Command  
  21  2:19  Supply Depot  
  21  2:24  Marine  
  22  2:38  Stimpack  
  22  2:42  SCV  
  23  2:45  Engineering Bay  
  23  2:48  Factory Tech Lab  
  23  3:08  Siege Tank  
  26  3:16  Supply Depot  
  26  3:18  SCV  
  27  3:25  Starport  
  27  3:30  SCV  
  28  3:45  Siege Tank, Barracks Reactor  
  28  3:46  Marine  
  32  3:53  Command Center  
  32  4:00  Terran Infantry Weapons Level 1  
  32  4:06  Medivac  
  34  4:14  Marine  
  35  4:22  Marine  
  35  4:23  Marine  
  37  4:31  Marine  
  37  4:36  Missile Turret  
  38  4:40  Missile Turret  
  38  4:44  Starport Reactor  
  38  4:45  Marine  
  39  4:55  Supply Depot  
  39  4:56  Supply Depot  
  39  5:05  Marine, SCV  
  41  5:46  Combat Shields  
  41  5:47  Orbital Command  
  41  5:52  Marine x3  
  41  5:56  Command Center  
  44  5:59  Barracks  
  44  6:00  SCV, Barracks  
  45  6:08  Siege Tank  
  48  6:12  SCV  
  49  6:24  SCV  
  50  6:31  Terran Infantry Armor Level 1  
  50  6:35  Engineering Bay  
  50  6:38  Armory  
  50  6:40  SCV x2  
  50  6:45  Refinery  
  52  6:50  Refinery  
  52  6:52  Barracks Reactor x2, SCV x2  
  54  7:04  SCV  
  55  7:29  Marine x4  
  56  7:30  Marine x3  
  56  7:36  Drilling Claws  
  62  7:39  Terran Infantry Weapons Level 2  
  62  7:47  Marine x3  
  54  8:21  Orbital Command  
  54  8:27  Missile Turret  
  54  8:30  Widow Mine  
  56  8:38  Terran Infantry Armor Level 2  
  56  8:41  Terran Vehicle And Ship Armor Level 1  
  56  8:42  Missile Turret  
  56  8:45  Missile Turret, SCV x2  
  56  8:46  Missile Turret  
  58  8:54  Marine x7  
  65  8:57  SCV x2  
  67  9:09  SCV x2  
  69  9:11  Marine  
  69  9:12  Marine x4  
  74  9:17  Factory  
  74  9:18  Factory  
  74  9:34  Widow Mine  
  74  9:37  Marine x3  
  74  9:38  Marine x3  
  82  9:43  Barracks  
  82  9:51  Barracks  
  82  9:57  SCV x2  
  82  9:58  SCV  
  85  10:03  Barracks  
  85  10:06  Barracks  
  85  10:07  Supply Depot  
  85  10:12  Widow Mine  
  85  10:13  SCV x2, Medivac x2  
  93  10:14  Supply Depot  
  93  10:15  Supply Depot  
  93  10:17  Factory Reactor x2, Supply Depot  
  93  10:19  Supply Depot  
  93  10:21  Supply Depot  
  93  10:29  Marine x5, SCV x2  
  100  10:36  Marine x2  
  100  10:38  Barracks Reactor  
  100  10:41  Widow Mine, SCV  
  68  11:25  Marine  
  68  11:26  Barracks Reactor x3, Marine  
  68  11:27  Widow Mine x5, Marine x5  
  85  11:35  Marine x2  
  87  11:43  Marine  
  87  11:44  Marine x2  
  90  11:53  Marine  
  90  11:54  Marine x5  
  93  11:55  Widow Mine  
  93  11:56  Widow Mine x4  
  93  11:59  Barracks  
  93  12:01  Marine  
  104  12:02  Marine x2  
  104  12:03  Supply Depot  
  104  12:04  Supply Depot x2  
  104  12:05  Marine  
  104  12:06  Marine x5  
  111  12:11  Marine x6  
  116  12:19  Marine  
  117  12:23  Medivac x2  
  125  12:35  Barracks  
  125  12:38  Supply Depot x2  
Show
View Real Time Build Order
Export as new Build Order

Zerrus Zerg 

Build Orders: Hatch First, Muta Ling Bane 

Get SALT Encoding   

  12  0:04  Drone  
  13  0:14  Drone  
  14  0:26  Overlord  
  14  0:48  Hatchery  
  13  0:55  Drone x3  
  16  1:06  Drone  
  17  1:17  Spawning Pool  
  16  1:19  Drone  
  16  1:20  Extractor  
  16  1:28  Drone  
  17  1:39  Drone  
  18  1:57  Overlord  
  18  2:00  Hatchery  
  17  2:02  Drone  
  18  2:12  Queen  
  20  2:17  Drone  
  21  2:27  Queen  
  23  2:31  Drone  
  23  2:35  Drone  
  25  2:41  Drone x2  
  27  2:44  Drone  
  28  2:54  Drone  
  28  2:56  Drone  
  30  2:59  Drone  
  31  3:08  Drone  
  32  3:13  Drone  
  32  3:15  Drone x2  
  32  3:17  Metabolic Boost  
  32  3:19  Zergling x2  
  36  3:23  Zergling x2  
  36  3:25  Zergling x2  
  36  3:26  Zergling x2, Overlord  
  39  3:29  Zergling x2  
  39  3:33  Drone  
  41  3:35  Drone  
  41  3:41  Overlord  
  42  3:46  Baneling Nest  
  42  3:47  Extractor, Drone x2  
  42  3:49  Zergling x2  
  42  3:51  Zergling x6  
  46  3:58  Zergling x6  
  49  4:03  Drone  
  49  4:07  Drone  
  51  4:12  Zergling x6, Overlord  
  54  4:18  Drone x2  
  54  4:21  Extractor  
  55  4:24  Extractor, Lair  
  55  4:31  Zergling x2  
  55  4:40  Evolution Chamber  
  54  4:48  Queen  
  54  4:49  Drone x2  
  54  4:50  Drone  
  54  4:51  Drone x3  
  54  4:52  Drone  
  63  5:13  Evolution Chamber  
  62  5:14  Drone x4  
  62  5:17  Overlord x2  
  66  5:22  Baneling  
  66  5:23  Baneling x6  
  66  5:24  Baneling  
  66  5:26  Centrifical Hooks  
  66  5:28  Zerg Melee Weapons Level 1  
  66  5:32  Overlord  
  66  5:33  Overlord  
  66  5:38  Spire  
  66  5:40  Zerg Ground Armor Level 1  
  65  5:48  Spore Crawler  
  64  5:50  Spore Crawler  
  64  5:51  Spore Crawler  
  64  5:54  Spore Crawler  
  64  5:56  Spore Crawler  
  60  5:58  Spore Crawler  
  59  6:08  Spore Crawler x2  
  59  6:10  Drone x3  
  60  6:11  Drone  
  60  6:12  Spore Crawler, Drone x3  
  60  6:16  Overlord x2  
  63  6:20  Drone x4  
  63  6:22  Drone  
  68  6:32  Drone x4  
  72  6:42  Extractor  
  72  6:43  Extractor, Drone  
  72  6:44  Drone x4  
  75  6:49  Mutalisk x3  
  75  6:51  Mutalisk  
  75  6:53  Mutalisk  
  85  7:05  Drone x2  
  87  7:11  Drone  
  87  7:13  Mutalisk x2  
  87  7:14  Mutalisk x3  
  98  7:22  Zerg Flyer Weapons Level 1  
  98  7:23  Mutalisk  
  92  7:41  Zergling x2  
  92  7:42  Zergling x16  
  93  7:47  Zergling x6  
  96  7:56  Mutalisk x5  
  51  8:20  Zergling x4  
  51  8:21  Zergling x4  
  47  8:34  Zergling x2  
  47  8:35  Zergling x4  
  47  8:36  Zergling x6  
  49  8:44  Drone x3  
  51  8:54  Mutalisk  
  51  8:57  Mutalisk x5  
  42  9:11  Burrow  
  38  9:19  Zergling x6  
  38  9:21  Drone x4  
  38  9:22  Drone  
  46  9:30  Zergling x2  
  46  9:31  Zergling x10  
  52  9:33  Drone, Queen  
  57  9:38  Baneling x3  
  57  9:39  Baneling x2  
  57  9:40  Baneling  
  57  9:45  Zergling x2  
  58  9:48  Drone  
  58  9:50  Drone x2  
  54  10:03  Overseer  
  52  10:07  Drone  
  52  10:08  Drone x2  
  47  10:37  Drone x2  
  49  10:43  Hatchery  
  48  10:53  Baneling x6  
  48  10:57  Mutalisk  
  48  10:58  Mutalisk x2  
  48  10:59  Zergling x2  
  55  11:05  Drone x2  
  55  11:07  Drone x2  
  55  11:08  Drone x2  
  61  11:20  Drone  
  61  11:22  Drone x2  
  64  11:30  Drone x3  
  64  11:31  Drone  
  68  11:35  Drone x2  
  68  11:36  Drone  
  71  11:43  Extractor  
  71  11:44  Zergling x2  
  71  11:53  Drone x3  
  74  11:59  Mutalisk  
  76  12:11  Drone  
  76  12:12  Drone x2  
  76  12:13  Drone x2, Queen  
  83  12:21  Mutalisk x3  
  89  12:23  Zergling x4  
  89  12:24  Zergling x2  
  92  12:30  Zergling x2  
  92  12:32  Zergling x4  
  92  12:33  Zergling x2  
Show
View Real Time Build Order
Export as new Build Order

BoBo Terran 

Build Orders: Liberator Opening 

Get SALT Encoding   

  12  0:01  SCV  
  13  0:13  SCV  
  14  0:18  Supply Depot  
  14  0:25  SCV  
  15  0:31  Refinery  
  15  0:42  Barracks  
  15  0:46  SCV  
  16  0:58  SCV  
  17  1:10  SCV  
  18  1:22  SCV  
  19  1:30  Supply Depot  
  19  1:34  Factory  
  19  1:35  Orbital Command  
  19  1:53  Barracks Reactor  
  19  1:54  Engineering Bay  
  19  2:01  SCV  
  20  2:02  Refinery  
  20  2:13  SCV  
  21  2:29  Missile Turret  
  21  2:40  Barracks Tech Lab, Hellion x2  
  21  2:44  Supply Depot  
  25  2:48  SCV  
  25  2:49  Starport  
  26  2:57  Missile Turret  
  26  3:00  SCV  
  27  3:06  Hellion x2  
  27  3:12  SCV  
  32  3:24  SCV  
  32  3:26  Medivac  
  35  3:28  Supply Depot  
  35  3:42  Siege Tank  
  35  3:44  Liberator  
  41  4:12  SCV  
  42  4:17  Command Center, Supply Depot  
  42  4:18  Siege Tank  
  45  4:25  SCV  
  46  4:36  Armory  
  46  5:00  SCV  
  47  5:10  Starport Reactor  
  47  5:16  Starport  
  47  5:30  Orbital Command  
  47  5:31  Refinery  
  47  5:41  Refinery  
  39  6:05  Viking x2  
  39  6:06  Starport Reactor  
  39  6:08  SCV  
  42  6:17  Thor  
  48  6:20  Terran Ship Weapons Level 1  
  48  6:21  SCV  
  49  6:25  Supply Depot  
  49  6:27  SCV, Supply Depot  
  50  6:33  SCV  
  50  6:37  Missile Turret  
  50  6:39  Missile Turret, SCV  
  52  6:41  Viking x2  
  52  6:42  Missile Turret  
  52  6:43  Viking  
  52  6:45  SCV  
  47  7:29  Viking x2  
  51  7:30  Viking x2  
  51  7:35  SCV x2  
  57  7:41  Supply Depot  
  57  7:42  Supply Depot  
  57  7:47  SCV x2  
  59  8:09  Viking x4  
  43  8:48  Viking x4  
  51  9:02  Supply Depot  
  51  9:05  Supply Depot, SCV x2  
  49  9:17  SCV x2  
  49  9:21  Hellion  
  53  9:27  Infernal Pre-Igniter  
  53  9:31  Factory  
  53  9:41  Viking  
  53  9:42  Hellion, Viking x2  
  61  9:47  SCV x2  
  63  9:59  SCV x2  
  65  10:12  Hellion  
  67  10:18  Hellion x2  
  71  10:23  Command Center  
  71  10:36  Factory  
  71  10:44  SCV  
  71  10:45  SCV  
  73  10:56  SCV  
  75  10:57  SCV  
  74  11:21  Viking x3  
  74  11:22  Viking  
  74  11:23  Thor  
  74  11:24  Hellion x2  
  92  11:27  Drilling Claws  
  92  11:28  Missile Turret  
  92  11:49  Missile Turret  
  92  11:50  Widow Mine x2  
  92  11:54  Viking x4  
  98  11:59  Orbital Command  
  104  12:09  Missile Turret  
  118  12:35  SCV x3  
Show
View Real Time Build Order
Export as new Build Order

Jhyrachy Zerg 

Build Orders: Hatch First, Swarm Host 

Get SALT Encoding   

  12  0:03  Drone  
  13  0:15  Drone  
  14  0:22  Overlord  
  14  0:38  Overlord  
  14  1:02  Drone x3  
  17  1:12  Extractor  
  17  1:15  Hatchery  
  15  1:20  Spawning Pool  
  14  1:28  Drone x2  
  16  1:50  Drone x2  
  18  2:03  Drone  
  18  2:07  Queen  
  21  2:18  Drone x2  
  23  2:33  Zergling x2  
  23  2:34  Zergling x2  
  25  2:39  Drone  
  25  2:40  Drone  
  25  2:41  Queen  
  29  2:46  Lair  
  29  2:54  Drone  
  29  2:55  Drone  
  31  3:22  Drone, Extractor  
  31  3:23  Drone x5  
  34  3:59  Overlord  
  34  4:00  Overlord x2  
  34  4:09  Drone  
  35  4:17  Queen x2  
  35  4:22  Drone x2  
  35  4:23  Drone  
  42  4:26  Drone x4  
  42  4:30  Extractor  
  45  4:33  Extractor  
  44  5:16  Drone x6  
  50  5:51  Infestation Pit  
  49  6:16  Drone x2  
  51  6:35  Hatchery  
  50  6:52  Spire  
  49  7:06  Queen  
  48  7:45  Swarm Host x4  
  48  7:48  Overlord x2  
  48  7:49  Overlord x3  
  59  8:25  Burrow  
  59  8:27  Mutalisk x8  
  59  8:28  Mutalisk x4  
  59  8:32  Overlord x4  
  83  8:47  Mutalisk  
  83  8:48  Mutalisk x2  
  75  9:05  Mutalisk  
  75  9:06  Mutalisk x7  
  67  9:30  Drone  
  68  10:02  Hatchery  
  41  10:45  Hydralisk Den  
  26  10:52  Hatchery  
  23  11:15  Hydralisk  
  23  11:16  Hydralisk x8  
  41  11:20  Queen  
  41  11:23  Queen  
  45  11:44  Drone x3  
  45  11:46  Drone x2  
  45  11:47  Drone x2  
  52  11:55  Queen  
  54  12:02  Extractor  
Tags
 
Add a new tag
Caveats
  • Supply blocks, unpowered buildings, or Contaminate may cause inaccurate times.
  • Supply counts are checked every 10 seconds.